 Dungeon Crawl Stone Soup version 0.31.0-11-ge490571c62 (console) character file.

Game seed: 16547342961019877750

69378 zenocrate the Grappler (level 14, -4/133 HPs)
             Began as a Troll Delver on Feb 1, 2024.
             Was the Champion of Cheibriados.
             Slain by an orc warlord
             ... wielding a +0 war axe
              (20 damage)
             ... on level 2 of the Orcish Mines.
             The game lasted 00:37:56 (17424 turns).

zenocrate the Grappler (Troll Delver)              Turns: 17424, Time: 00:37:57

Health: -4/133     AC:  2    Str: 41    XL:     14   Next: 90%
Magic:  21/21      EV: 24    Int: 25    God:    Cheibriados [******]
Gold:   714        SH:  0    Dex: 25    Spells: 4/13 levels left

rFire   + +          .
                       - Unarmed
rCold   + . .        A - melded +0 kite shield
rNeg    . . .        h - melded +0 acid dragon scales
rPois   +            (helmet restricted)
rElec   .            M - scarf "Uloxoi" {rC+ rF+, Regen+}
rCorr   .            (gloves unavailable)
SInv    .            (boots unavailable)
Will    +....        (no amulet)
Stlth   ++           l - ring of poison resistance
HPRegen 2.02/turn    m - +5 ring of evasion
MPRegen 0.17/turn

%: no passive effects
@: flux-form, glowing, studying Invocations, very slow
A: glow, contaminating, large, unfitting armour, claws 3, regeneration 1, shaggy
fur 1, tough skin 1, antennae 1, clever 1, fire resistance 1, wild magic 1,
MP-powered wands
a: Begin Untransformation, Renounce Religion, Bend Time, Temporal Distortion,
Slouch, Step From Time


You were on level 2 of the Orcish Mines.
You worshipped Cheibriados.
Cheibriados was exalted by your worship.
You were something dangerously unstable.
You visited 4 branches of the dungeon, and saw 19 of its levels.
You also visited: Bailey and Gauntlet.

You collected 1794 gold pieces.
You spent 1080 gold pieces at shops.

Inventory:

Missiles
 a - 6 silver javelins
 j - 46 boomerangs (quivered)
 q - 4 throwing nets
 K - 13 javelins
 Q - 3 large rocks
Armour
 h - +0 acid dragon scales (melded)
 A - a +0 kite shield (melded)
 M - the scarf "Uloxoi" (worn) {rC+ rF+, Regen+}
   (You acquired it in a bailey)

   Regen+:    It increases your rate of health regeneration.
Jewellery
 k - a ring of positive energy
 l - a ring of poison resistance (left claw)
 m - a +5 ring of evasion (right claw)
 u - a ring of protection from cold
 v - a ring of flight
 S - the ring "Liklel" {Wiz rF+ rN+ Str-2}
   (You found it on level 5 of the Lair of Beasts)

   [ring of wizardry]

   Wiz:       It improves your spell success rate.
   Str-2:     It affects your strength (-2).
   rF+:       It protects you from fire.
   rN+:       It protects you from negative energy.
Talismans
 x - a flux talisman (active)
 D - a granite talisman
 E - a blade talisman
Wands
 d - a wand of iceblast (1)
 f - a wand of digging (1)
 w - a wand of flame (1)
 z - a wand of quicksilver (5)
 B - a wand of charming (5)
Scrolls
 b - 6 scrolls of fog
 e - 5 scrolls of blinking
 s - a scroll of immolation {unknown}
 y - a scroll of silence
 C - 3 scrolls of vulnerability
 H - 3 scrolls of poison
 L - a scroll of enchant weapon {unknown}
 N - a scroll of revelation
 O - 2 scrolls of butterflies
Potions
 g - a potion of attraction
 i - 3 potions of brilliance
 o - 4 potions of ambrosia
 p - 7 potions of curing
 t - 2 potions of invisibility
 F - a potion of magic
 I - a potion of berserk rage
 J - a potion of mutation
 P - a potion of lignification
 R - 4 potions of enlightenment
 T - 2 potions of might
 V - 2 potions of heal wounds


   Skills:
 * Level 7.6 Fighting
 - Level 6.6 Throwing
 + Level 7.9 Armour
 + Level 6.4 Dodging
 - Level 3.7 Stealth
 - Level 7.0 Shields
 + Level 13.2 Unarmed Combat
 + Level 1.4 Translocations
 - Level 1.2 Air Magic
 + Level 11.4 Invocations
 + Level 5.6 Evocations
 + Level 7.6 Shapeshifting


You had 4 spell levels left.
You knew the following spells:

 Your Spells              Type           Power      Damage    Failure   Level
a - Fugue of the Fallen   Necr           0%         N/A       47%         3
m - Apportation           Tloc           18%        N/A       12%         1
x - Blink                 Tloc           18%        N/A       17%         2
y - Swiftness             Air            8%         N/A       34%         3

Your spell library contained the following spells:

 Spells                   Type           Power      Damage    Failure   Level
 Shock                    Conj/Air       12%        1d3       16%         1
 Kiss of Death            Conj/Necr      0%         2d5       21%         1
 Call Imp                 Summ           0%         N/A       28%         2
 Ensorcelled Hibernation  Hex/Ice        0%         N/A       28%         2
 Jinxbite                 Hex            0%         N/A       28%         2
 Sublimation of Blood     Necr           0%         N/A       28%         2
 Gell's Gravitas          Tloc           9%         N/A       32%         3
 Teleport Other           Tloc           9%         N/A       32%         3
 Volatile Blastmotes      Fire/Tloc      8%         2d10      38%         3
 Confusing Touch          Hex            0%         N/A       47%         3
 Passwall                 Erth           0%         N/A       47%         3
 Airstrike                Air            4%         2d(1-17)  71%         4
 Iskenderun's Mystic Bla  Conj/Tloc      4%         2d3       78%         4
 Summon Lightning Spire   Summ/Air       3%         N/A       78%         4
 Anguish                  Hex/Necr       0%         N/A       86%         4
 Animate Armour           Summ/Erth      0%         N/A       86%         4
 Dispel Undead            Necr           0%         3d6       86%         4
 Fulminant Prism          Conj/Alch      0%         3d5       86%         4
 Alistair's Intoxication  Alch           0%         N/A       99%         5
 Lee's Rapid Deconstruct  Erth           0%         3d4*      99%         5
 Dispersal                Tloc           4%         N/A       100%        6
 Summon Hydra             Summ           0%         N/A       100%        7


Dungeon Overview and Level Annotations

Branches:
Dungeon (11/15)            Temple (1/1) D:4            Lair (5/5) D:11
  Swamp (0/4) Lair:3       Spider (0/4) Lair:2        Slime (0/5) Lair:5
    Orc (2/2) D:9          Bailey (visited)         Gauntlet (visited)
    Elf: Orc:2

Altars:
Ashenzari
Cheibriados
Dithmenos
Elyvilon
Fedhas
Gozag
Hepliaklqana
Kikubaaqudgha
Makhleb
Nemelex Xobeh
Okawaru
Qazlal
Ru
Sif Muna
Trog
Uskayaw
Vehumet
Wu Jian
Xom
Yredelemnul
Zin
The Shining One
Jiyva

Shops:
D:1 !   D:4 ?   D:6 ?   D:8 [

Annotations:
D:5 1 transporter, zenocrate's ghost, weakling GnDe


Innate Abilities, Weirdness & Mutations

You are something dangerously unstable.
You glow with magical radiation, making you easy to see and hit.
Foes you strike become dangerously contaminated with magical radiation.
You are incapable of wielding weapons or throwing items.
You are too large for most types of armour.
You have claws for hands.
Your natural rate of healing is unusually fast.
You are covered in fur. (AC +1)
You have tough skin. (AC +1)
You have a pair of small antennae on your head.
Your mind is acute. (Int +4, Str/Dex -1)
Your flesh is heat resistant. (rF+)
Your spells are a little harder to cast, but a little more powerful.
You expend magic power (3 MP) to strengthen your wands.


Message History

You mangle the orc warlord!!
The orc warlord begins to glow.
The orc warlord is lightly wounded.
The orc warlord misses you. The orc warlord blocks your attack.
The orc warlord is lightly wounded.
The orc warlord hits you with a +0 war axe.
The orc warlord blocks your attack.
The orc warlord is lightly wounded.
You claw the orc warlord!
The orc warlord glows dangerously bright.
The orc warlord is moderately wounded.
The warg misses you.
The orc warlord hits you with a +0 war axe!
The orc warrior hits you with a +0 flail!
Unknown command.
The orc warlord blocks your attack.
The orc warlord is moderately wounded.
The warg bites you.
The orc warlord hits you with a +0 war axe!!
The orc warrior completely misses you.
Unknown command.
The orc warlord blocks your attack.
The orc warlord is moderately wounded.
The warg bites you! The orc warlord completely misses you.
Unknown command.
You scratch the orc warlord but do no damage.
The orc warlord shudders as magic cascades through it!
The orc warlord twists and deforms.
The orc warlord is moderately wounded.
The warg barely misses you. The warg misses you.
Unknown command.
The orc warlord blocks your attack.
The orc warlord is moderately wounded.
The orc warrior no longer looks unusually strong. x3
The orc warrior hits you with a +0 battleaxe!
* * * LOW HITPOINT WARNING * * *
The orc warrior hits you with a +0 flail!
* * * LOW HITPOINT WARNING * * *
The orc warlord hits you with a +0 war axe!!
You die...

##......#
#.......##
#...8....#
#........#
#........# ......#
##......## o_o8..#
##....)## o.ho..#
##...))### ooo..#
##......#### o...#
##........##8.8##.
##.....opo#...#...
##..))oohoo.......
##.....).........
.###.)...8.8.....
...###)........# #
.....##.......##..
.................o
##.....).8.8......
#####.........#
#####'###### ##
#.##...#..


You could see an orc warlord (misshapen), a warg and 5 orc warriors.

Vanquished Creatures
  Rupert (Lair:3)
  An orc warlord (Orc:1)
  A minotaur (Gauntlet)
  Harold (Orc:1)
  3 hydras
  A merfolk avatar (Lair:5)
  2 vault guards (Bailey)
  4 two-headed ogres
  A boulder beetle (D:11)
  2 orc high priests (Orc:2)
  Urug (Lair:5)
  A skyshark (Lair:5)
  A bog body (Lair:3)
  A necromancer (Gauntlet)
  2 harpies (Lair:5)
  An orc sorcerer (Orc:2)
  An oklob plant (Orc:1)
  An orc knight (Orc:2)
  A cyclops (D:10)
  A manticore (Lair:5)
  3 black mambas
  3 kobold blastminers
  Joseph (Lair:1)
  15 elephants (Lair:5)
  4 molten gargoyles (D:9)
  9 cane toads
  A torpor snail (Lair:4)
  Maggie (D:6)
  A smoke demon (Gauntlet)
  8 komodo dragons
  5 rime drakes
  An unseen horror (D:11)
  5 polar bears
  3 trolls
  A tarantella (Lair:2)
  Grinder (D:6)
  4 hornets
  33 blink frogs
  Prince Ribbit (Bailey)
  15 dream sheep (Lair:4)
  A snapping turtle (Lair:5)
  2 wraiths (D:11)
  3 wyverns
  77 yaks
  A culicivora (Lair:2)
  Eustachio (D:4)
  4 basilisks
  7 humans (Bailey)
  Menkaure (D:6)
  3 wargs
  Edmund (D:4)
  An acid dragon (D:11)
  2 death yak simulacra (Lair:4)
  14 water moccasins
  2 hell hounds (Orc:1)
  Duvessa (D:6)
  17 orc warriors
  3 black bears
  8 centaurs
  4 boggarts (Lair:4)
  17 wolves
  5 ogres
  A phantom (D:4)
  15 bullfrogs
  A gnoll sergeant (D:6)
  2 scorpions
  12 wights
  Dowan (D:6)
  2 elephant simulacra (Lair:4)
  9 killer bees
  3 howler monkeys
  4 electric eels
  5 bombardier beetles
  2 crimson imps (Gauntlet)
  4 hounds
  20 orc priests
  17 jellies
  3 gnoll boudas
  Terence (D:3)
  4 iguanas
  15 orc wizards
  A wolf simulacrum (Lair:4)
  21 gnolls
  4 adders
  A shadow imp (D:5)
  4 white imps
  A ribbon worm (D:2)
  A dart slug (D:1)
  75 orcs
  10 endoplasms
  6 giant cockroaches
  12 goblins
  6 hobgoblins
  7 jackals
  12 kobolds
  A quokka (D:1)
  11 ball pythons
  A bat (D:1)
  3 frilled lizards
  3 rats (D:3)
  A spectral weapon (Lair:1)
620 creatures vanquished.

Notes
Turn   | Place    | Note
-------+----------+-------------------------------------------
     0 | D:5      | zenocrate the Troll Delver began the quest for the Orb.
     0 | D:5      | Reached XP level 1. HP: 22/22 MP: 0/0
    87 | D:3      | Found a snail-covered altar of Cheibriados.
    87 | D:3      | Noticed a bombardier beetle
   168 | D:3      | Killed a bombardier beetle
   169 | D:3      | Reached skill level 3 in Unarmed Combat
   169 | D:3      | Reached XP level 2. HP: 25/29 MP: 1/1
   169 | D:3      | Reached XP level 3. HP: 31/36 MP: 2/2
   376 | D:2      | Reached skill level 4 in Unarmed Combat
   677 | D:1      | Reached XP level 4. HP: 44/44 MP: 3/3
   772 | D:1      | Found Sevait Jydde's Distillery.
  1388 | D:1      | Learned a level 3 spell: Swiftness
  2203 | D:3      | Noticed Terence
  2210 | D:3      | Killed Terence
  2211 | D:3      | Reached skill level 5 in Unarmed Combat
  2261 | D:3      | Reached XP level 5. HP: 50/50 MP: 4/4
  2583 | D:3      | Became a worshipper of Cheibriados the Contemplative
  2682 | D:4      | Found a staircase to the Ecumenical Temple.
  2715 | D:4      | Found Feoroaso's Magic Scroll Shoppe.
  2727 | D:4      | Noticed a phantom
  2739 | D:4      | Killed a phantom
  2740 | D:4      | Reached skill level 6 in Unarmed Combat
  2740 | D:4      | Reached XP level 6. HP: 59/59 MP: 5/5
  2746 | D:4      | Bought a scroll of blinking for 90 gold pieces
  2746 | D:4      | Bought a scroll of identify for 24 gold pieces
  2746 | D:4      | Bought a scroll of teleportation for 36 gold pieces
  2948 | D:4      | Noticed Eustachio
  2968 | D:4      | Killed Eustachio
  2969 | D:4      | Reached skill level 1 in Air Magic
  3003 | D:4      | Reached skill level 7 in Unarmed Combat
  3003 | D:4      | Reached skill level 1 in Invocations
  3010 | D:4      | Noticed Edmund
  3032 | D:4      | Killed Edmund
  3033 | D:4      | Reached XP level 7. HP: 25/66 MP: 5/7
  3453 | Temple   | Entered the Ecumenical Temple
  3491 | D:5      | Reached * piety under Cheibriados
  3728 | D:5      | Found a transporter.
  3745 | D:5      | Noticed zenocrate's ghost (weakling GnDe)
  3747 | D:5      | Identified the +4 giant club of Invincibility {antimagic,
                  | Str+7}
  3762 | D:5      | Found a glowing silver altar of Zin.
  3792 | D:5      | Reached skill level 8 in Unarmed Combat
  3792 | D:5      | Reached XP level 8. HP: 71/74 MP: 9/9
  4090 | D:1      | Bought a potion of degeneration for 14 gold pieces
  4090 | D:1      | Bought a potion of curing for 42 gold pieces
  4200 | D:6      | Noticed Duvessa
  4208 | D:6      | Noticed Dowan
  4209 | D:6      | Killed Duvessa
  4218 | D:6      | Killed Dowan
  4295 | D:6      | Reached ** piety under Cheibriados
  4315 | D:6      | Noticed a hornet
  4324 | D:6      | Killed a hornet
  4325 | D:6      | Reached skill level 9 in Unarmed Combat
  4560 | D:6      | Found Enid's Magic Scroll Boutique.
  4560 | D:6      | Noticed Menkaure
  4568 | D:6      | Killed Menkaure
  4575 | D:6      | Reached skill level 10 in Unarmed Combat
  4649 | D:6      | Noticed Maggie
  4667 | D:6      | Killed Maggie
  4668 | D:6      | Reached XP level 9. HP: 31/80 MP: 11/11
  4744 | D:6      | Reached skill level 1 in Armour
  4834 | D:6      | Found a basalt altar of Yredelemnul.
  5074 | D:6      | Noticed Grinder
  5083 | D:6      | Killed Grinder
  5172 | D:7      | Identified the +1 ring mail of Vyacowov {Rampage rElec rF+
                  | Int+3}
  5182 | D:7      | Reached skill level 11 in Unarmed Combat
  5242 | D:7      | Found a sparkling altar of Nemelex Xobeh.
  5244 | D:7      | Found an ancient bone altar of Kikubaaqudgha.
  5244 | D:7      | Found a broken altar of Ashenzari.
  5252 | D:7      | Found a radiant altar of Vehumet.
  5344 | D:7      | Reached *** piety under Cheibriados
  5376 | D:7      | Found a bloodstained altar of Trog.
  5641 | D:6      | Bought a scroll of revelation for 90 gold pieces
  5641 | D:6      | Bought a scroll of identify for 24 gold pieces
  5641 | D:6      | Bought a scroll of identify for 24 gold pieces
  5641 | D:6      | Bought a scroll of identify for 24 gold pieces
  5641 | D:6      | Bought a scroll of fear for 48 gold pieces
  5643 | D:6      | Identified a scroll of acquirement
  5644 | D:6      | Acquired a manual of Invocations
  5722 | D:7      | Reached skill level 1 in Shapeshifting
  5767 | D:8      | Found a glowing golden altar of the Shining One.
  5859 | D:8      | Found a shimmering blue altar of Sif Muna.
  6120 | D:8      | Reached skill level 1 in Throwing
  6147 | D:8      | Reached skill level 1 in Shields
  6159 | D:8      | Reached **** piety under Cheibriados
  6227 | D:8      | Reached skill level 1 in Evocations
  6227 | D:8      | Reached XP level 10. HP: 86/88 MP: 12/12
  6294 | D:8      | Found Nepiys's Armour Emporium.
  6642 | D:8      | Gained mutation: You occasionally shout uncontrollably at
                  | your foes. [potion of mutation]
  6642 | D:8      | Gained mutation: Armour fits poorly on your strangely
                  | shaped body. [potion of mutation]
  6643 | D:8      | Lost mutation: You occasionally shout uncontrollably at
                  | your foes. [potion of mutation]
  6643 | D:8      | Lost mutation: Armour fits poorly on your strangely shaped
                  | body. [potion of mutation]
  6643 | D:8      | Gained mutation: You occasionally lose the ability to read
                  | scrolls when taking damage. [potion of mutation]
  6643 | D:8      | Gained mutation: You are strong-willed. (Will+) [potion of
                  | mutation]
  6643 | D:8      | Gained mutation: A frigid envelope surrounds you and
                  | freezes all who hurt you. [potion of mutation]
  6643 | D:8      | Gained mutation: You have a pair of small antennae on your
                  | head. [potion of mutation]
  6661 | D:9      | Found a flagged portal.
  6695 | D:9      | Identified the +1 ring mail "Komaci" {rC- MP-9 Int+7}
  6717 | Bailey   | Entered a bailey
  6727 | Bailey   | Reached skill level 5 in Invocations
  6834 | Bailey   | Noticed a vault guard
  6834 | Bailey   | Noticed Prince Ribbit
  6843 | Bailey   | Killed a vault guard
  6861 | Bailey   | Killed Prince Ribbit
  6861 | Bailey   | Reached ***** piety under Cheibriados
  6921 | Bailey   | Noticed a vault guard
  6929 | Bailey   | Killed a vault guard
  7021 | Bailey   | Lost mutation: A frigid envelope surrounds you and freezes
                  | all who hurt you. [potion of mutation]
  7021 | Bailey   | Lost mutation: You are strong-willed. (Will+) [potion of
                  | mutation]
  7021 | Bailey   | Lost mutation: You occasionally lose the ability to read
                  | scrolls when taking damage. [potion of mutation]
  7021 | Bailey   | Gained mutation: You expend magic power (3 MP) to
                  | strengthen your wands. [potion of mutation]
  7021 | Bailey   | Gained mutation: Your mind is acute. (Int +4, Str/Dex -1)
                  | [potion of mutation]
  7021 | Bailey   | Gained mutation: Your flesh is heat resistant. (rF+)
                  | [potion of mutation]
  7021 | Bailey   | Gained mutation: Your spells are a little harder to cast,
                  | but a little more powerful. [potion of mutation]
  7022 | Bailey   | Acquired the scarf "Uloxoi" {rC+ rF+, Regen+}
  7188 | D:9      | Found a staircase to the Orcish Mines.
  7349 | D:9      | Noticed a molten gargoyle
  7357 | D:9      | Killed a molten gargoyle
  7358 | D:9      | Reached XP level 11. HP: 79/97 MP: 14/14
  7949 | D:4      | Bought a scroll of enchant armour for 90 gold pieces
  7949 | D:4      | Bought a scroll of fog for 48 gold pieces
  8061 | D:10     | Entered Level 10 of the Dungeon
  8334 | D:10     | Identified the +4 scale mail "Cimiq" {rC+++ Str-2 Int-2
                  | Stlth+}
  8719 | D:10     | Learned a level 3 spell: Fugue of the Fallen
  8720 | D:11     | Found a staircase to the Lair.
  8739 | D:11     | Reached skill level 5 in Armour
  8779 | D:11     | Reached ****** piety under Cheibriados
  8873 | D:11     | Noticed a sea snake
  8902 | D:11     | Noticed a two-headed ogre
  8908 | D:11     | Killed a two-headed ogre
  8909 | D:11     | Reached skill level 5 in Shapeshifting
  9054 | D:11     | Noticed a boulder beetle
  9066 | D:11     | Killed a boulder beetle
  9167 | D:11     | Noticed a sea snake
  9354 | Lair:1   | Entered Level 1 of the Lair of Beasts
  9415 | Lair:1   | Reached XP level 12. HP: 109/109 MP: 16/16
  9426 | Lair:1   | Noticed Joseph
  9444 | Lair:1   | HP: 2/109 [Joseph/+0 spectral quarterstaff (7)]
  9445 | Lair:1   | Killed Joseph
  9446 | Lair:1   | Reached skill level 12 in Unarmed Combat
  9859 | Lair:1   | Learned a level 1 spell: Apportation
 10377 | D:4      | Bought a scroll of teleportation for 36 gold pieces
 10377 | D:4      | Bought a scroll of revelation for 90 gold pieces
 10417 | D:6      | Bought a scroll of teleportation for 36 gold pieces
 10543 | D:1      | Bought a potion of heal wounds for 70 gold pieces
 10543 | D:1      | Bought a potion of curing for 42 gold pieces
 10781 | Lair:2   | Reached skill level 5 in Fighting
 10946 | Lair:2   | Found a hole to the Spider Nest.
 10977 | Lair:2   | Reached skill level 5 in Throwing
 11109 | Lair:2   | Reached XP level 13. HP: 94/118 MP: 13/19
 11650 | Lair:3   | Reached skill level 5 in Dodging
 11650 | Lair:3   | Reached skill level 5 in Shields
 11805 | Lair:3   | Found a staircase to the Swamp.
 11864 | Lair:3   | Noticed Rupert
 11882 | Lair:3   | Killed Rupert
 12224 | Lair:3   | You fall into a shaft and drop 1 floor!
 12569 | Lair:4   | Reached skill level 10 in Invocations
 12762 | Lair:4   | Found a frozen archway.
 13761 | D:1      | Bought a potion of mutation for 112 gold pieces
 13761 | D:1      | Bought 2 potions of heal wounds for 140 gold pieces
 14028 | Lair:5   | Entered Level 5 of the Lair of Beasts
 14039 | Lair:5   | Noticed Urug
 14078 | Lair:5   | Killed Urug
 14080 | Lair:5   | Reached skill level 5 in Evocations
 14092 | Lair:5   | Reached XP level 14. HP: 40/130 MP: 20/20
 14147 | Lair:5   | Found a staircase to the Slime Pits.
 14163 | Lair:5   | Found a gate leading to a gauntlet.
 14166 | Gauntlet | Entered a Gauntlet
 14166 | Gauntlet | Found a large runed translucent door.
 14166 | Gauntlet | Found a large runed translucent door.
 14166 | Gauntlet | Found a large runed translucent door.
 14166 | Gauntlet | Found a large runed translucent door.
 14166 | Gauntlet | Found a large runed translucent door.
 14166 | Gauntlet | Found a transporter.
 14166 | Gauntlet | Found a large runed translucent door.
 14166 | Gauntlet | Found a large runed translucent door.
 14166 | Gauntlet | Found a large runed translucent door.
 14166 | Gauntlet | Found a runed translucent door.
 14166 | Gauntlet | Found a runed translucent gate.
 14166 | Gauntlet | Found a runed translucent gate.
 14166 | Gauntlet | Found a transporter.
 14166 | Gauntlet | Found a transporter.
 14214 | Gauntlet | Found a transporter.
 14217 | Gauntlet | Found a transporter.
 14228 | Gauntlet | Found a transporter.
 14236 | Gauntlet | Found a transporter.
 14254 | Gauntlet | Found a transporter.
 14271 | Gauntlet | Found a transporter.
 14274 | Gauntlet | Found a transporter.
 14284 | Gauntlet | Found a transporter.
 14289 | Gauntlet | Found a runed translucent gate.
 14290 | Gauntlet | Found a large runed translucent door.
 14290 | Gauntlet | Found a large runed translucent door.
 14291 | Gauntlet | Found a large runed translucent door.
 14292 | Gauntlet | Found a large runed translucent door.
 14293 | Gauntlet | Found a large runed translucent door.
 14293 | Gauntlet | Found a large runed translucent door.
 14293 | Gauntlet | Found a runed translucent door.
 14294 | Gauntlet | Found a large runed translucent door.
 14295 | Gauntlet | Found a large runed translucent door.
 14332 | Gauntlet | Found a transporter.
 14484 | Gauntlet | HP: 6/131 [hellion/damnation (20)]
 14583 | Gauntlet | Identified the +3 hand axe "Mely" {flame, *Slow rN++ Int+3}
 14584 | Gauntlet | Got the Reference Book on Angles
 14758 | Lair:5   | Reached skill level 13 in Unarmed Combat
 14884 | Lair:5   | Found a viscous altar of Jiyva.
 15554 | Lair:5   | Identified the ring "Liklel" {Wiz rF+ rN+ Str-2}
 15645 | Lair:5   | Learned a level 2 spell: Blink
 15828 | Orc:1    | Entered Level 1 of the Orcish Mines
 15829 | Orc:1    | Noticed Harold
 15843 | Orc:1    | Killed Harold
 16050 | Orc:1    | Noticed an orc warlord
 16064 | Orc:1    | Killed an orc warlord
 16721 | Orc:2    | Entered Level 2 of the Orcish Mines
 16822 | Orc:2    | Reached skill level 1 in Translocations
 17411 | Orc:2    | Noticed an orc warlord
 17424 | Orc:2    | Slain by an orc warlord

Illustrated notes

Levels and vault maps discovered:
D:1:      saegor_arrival_simple_c, layout_loops_cross, serial_shops,
          nicolae_shop_tiny_waterfront, minmay_misc_feat_x, minmay_pentomino_s2
D:2:      layout_basic, dk_noncrumbling_3
D:3:      layout_basic, chei_slow_surprise, uniq_terence
D:4:      layout_loops_ring, minmay_temple_entry_grid, serial_shops,
          nicolae_shop_crystal, uniq_edmund, uniq_eustachio
D:5:      layout_basic, zin_statuary, gammafunk_ghost_smash
D:6:      layout_basic, nicolae_overflow_crystal_walls, st_stairs_8,
          kennysheep_windowed_goal, uniq_menkaure, uniq_grinder, uniq_duvessa,
          uniq_maggie
D:7:      layout_basic, mainiacjoe_overflow_alcove_1, grunt_temple_overflow_open
D:8:      layout_basic, lemuel_coloured_pillars_altar, lemuel_doored_altar,
          serial_shops, nicolae_shop_behind_doors, nicolae_benzene_ring,
          serial_bayou_pond_a
D:9:      layout_basic, orc_0_dummy, enter_bailey_5, minivault_8
D:10:     layout_small_grid, fungi_pond_lemuel, minivault_24,
          amcnicky_mini_pool_medium
D:11:     layout_rooms, erik_lair_orcish_takeover, serial_aquarium,
          aquarium_bridge_island_small [aquarium_subvault_small_water,
          aquarium_subvault_window, aquarium_subvault_bridge,
          aquarium_subvault_balcony, aquarium_subvault_wall],
          aquarium_bridge_straight [aquarium_subvault_bridge,
          aquarium_subvault_balcony, aquarium_subvault_bridge,
          aquarium_subvault_wall], aquarium_window_corner, aquarium_window_1,
          aquarium_window_2, aquarium_window_corner, aquarium_view_2a,
          aquarium_balcony_3b
Temple:   minmay_temple_bridge_abc
Lair:1:   layout_hall_layers, nicolae_quartered_pool_medium, grunt_megastairs_1,
          lemuel_fruit_tree, uniq_joseph
Lair:2:   layout_gridlike, spider_nest_entry_rubble, columned_hall_lemuel
Lair:3:   layout_cave_pods, skrybe_swamp_entry_bodies, serial_bayou_shore_a,
          uniq_rupert
Lair:4:   layout_regular_city, portal_ice_cave_entry_ice_simulacra,
          kilobyte_rumbling_trees, serial_bayou_shore_b, serial_bayou_shore_b
Lair:5:   gammafunk_lair_ancient_temple, layout_cave_pods,
          minmay_slime_entry_jelly_boxes, gauntlet_entry_generic, uniq_urug
Orc:1:    layout_caves, enter_volcano_3, basic_altar, mines3_lemuel, uniq_harold
Orc:2:    pubby_orc_utopia

Skill      XL: |  1  2  3  4  5  6  7  8  9 10 11 12 13 14 |
---------------+-------------------------------------------+-----
Unarmed Combat | 3 4 5 6 7 8 10 11 12 13 | 13.2
Air Magic      | 1 |  1.2
Invocations    | 2 3 4 6 7 9 10 11 | 11.4
Stealth        | 3 |  3.7
Armour         | 3 4 5 6 7 |  7.9
Shapeshifting  | 2 4 5 6 7 |  7.6
Throwing       | 1 2 4 5 6 |  6.6
Shields        | 1 2 3 4 6 7 |  7.0
Dodging        | 2 3 4 5 6 |  6.4
Evocations     | 1 2 3 4 5 |  5.6
Fighting       | 3 4 5 6 7 |  7.6
Translocations | 1 |  1.4

Action                     |  1- 3 |  4- 6 |  7- 9 | 10-12 | 13-15 || total
---------------------------+-------+-------+-------+-------+-------++-------
  Melee: Unarmed           |    49 |   144 |   250 |   524 |   744 ||  1711
         Punch             |     1 |     1 |    13 |    25 |       ||    40
  Throw: Boomerang         |       |     2 |     3 |    23 |    32 ||    60
 Invoke: Slouch            |       |       |       |     2 |    15 ||    17
  Evoke: Wand              |       |       |       |     1 |    24 ||    25
    Use: Scroll            |       |       |    10 |    11 |    11 ||    32
         Potion            |       |       |     2 |     5 |     9 ||    16
   Stab: Sleeping          |     7 |    10 |     9 |     6 |     6 ||    38
         Distracted        |       |     1 |       |     2 |     2 ||     5
         Invisible         |       |       |       |       |     2 ||     2
 Armour: Robe              |    16 |    48 |   116 |       |       ||   180
         Acid dragon scale |       |       |    54 |   351 |   365 ||   770
         Skin              |       |       |       |       |   137 ||   137
  Dodge: Dodged            |    18 |    75 |   170 |   401 |   710 ||  1374
  Block: Kite shield       |       |       |       |   153 |   370 ||   523
   Form: Flux              |       |       |       |       |     2 ||     2
                           |       |       |       |       |     1 ||     1
